TOP OF THE 1ST |
Boston Red Sox batting - Pitching for Miami Marlins : LHP Luiz Gohara
|
Pitching: LHP Luiz Gohara
|
|
Batting: LHB J.P. Crawford
|
0-0: Swinging Strike 0-1: Swinging Strike 0-2: Ground out U3 (Groundball, 3)
|
Batting: SHB Yangervis Solarte
|
0-0: Ground out 5-3 (Groundball, 56)
|
Batting: RHB Yoenis Cespedes
|
0-0: Called Strike 0-1: Foul Ball, location: 2F 0-2: SOLO HOME RUN (Flyball, 9D), Distance : 377 ft
|
Batting: RHB Yasiel Puig
|
0-0: Ball 1-0: Ball 2-0: Ball 3-0: Base on Balls
|
Batting: LHB Matt Adams
|
0-0: Swinging Strike 0-1: Ball 1-1: Reached on error, E9 (Line Drive, 9D) Yasiel Puig to third
|
Batting: LHB Derek Dietrich
|
0-0: Called Strike 0-1: Ball 1-1: Ball 2-1: Foul Ball, location: 2F 2-2: Strikes out swinging
|
Top of the 1st over - 1 run, 1 hit, 1 error, 2 left on base; Boston 1 - Miami 0 |
BOTTOM OF THE 1ST |
Miami Marlins batting - Pitching for Boston Red Sox : LHP Marco Gonzales
|
Pitching: LHP Marco Gonzales
|
|
Batting: LHB David Dahl
|
0-0: Ball 1-0: Ball 2-0: Called Strike 2-1: Ground out 5-3 (Groundball, 5)
|
Batting: RHB Javier Baez
|
0-0: Fly out, F8 (Flyball, 8RS)
|
Batting: SHB Francisco Lindor
|
0-0: Called Strike 0-1: Fly out, F8 (Flyball, 89D)
|
Bottom of the 1st over - 0 runs, 0 hits, 0 errors, 0 left on base; Boston 1 - Miami 0 |
TOP OF THE 2ND |
Boston Red Sox batting - Pitching for Miami Marlins : LHP Luiz Gohara
|
Batting: RHB Jett Bandy
|
0-0: Called Strike 0-1: Ball 1-1: Ball 2-1: Foul Ball, location: 2F 2-2: Strikes out looking
|
Batting: LHB Jackie Bradley Jr.
|
0-0: Ball 1-0: Foul Ball, location: 2F 1-1: Ball 2-1: Ball 3-1: Base on Balls
|
Batting: LHB Marco Gonzales
|
0-0: Bunt missed! 0-1: Ball 1-1: Swinging Strike 1-2: Bunt - Flyout! F1
|
Batting: LHB J.P. Crawford
|
0-0: Fielders Choice at 2nd, 5-4 (Groundball, 56)
|
Top of the 2nd over - 0 runs, 0 hits, 0 errors, 1 left on base; Boston 1 - Miami 0 |
BOTTOM OF THE 2ND |
Miami Marlins batting - Pitching for Boston Red Sox : LHP Marco Gonzales
|
Batting: RHB Yasmany Tomas
|
0-0: Swinging Strike 0-1: Ball 1-1: Foul Ball, location: 2F 1-2: Foul Ball, location: 2F 1-2: Foul Ball, location: 2F 1-2: Ball 2-2: Foul Ball, location: 2F 2-2: Strikes out swinging
|
Batting: LHB Dominic Smith
|
0-0: Ball 1-0: Foul Ball, location: 2F 1-1: SINGLE (Groundball, 4D)
|
Batting: RHB Miguel Andujar
|
0-0: Ball 1-0: Ball 2-0: Called Strike 2-1: Foul Ball, location: 2F 2-2: Foul Ball, location: 2F 2-2: Ball 3-2: Grounds into double play, 6-4-3 (Groundball, 6)
|
Bottom of the 2nd over - 0 runs, 1 hit, 0 errors, 0 left on base; Boston 1 - Miami 0 |
TOP OF THE 3RD |
Boston Red Sox batting - Pitching for Miami Marlins : LHP Luiz Gohara
|
Batting: SHB Yangervis Solarte
|
0-0: Ball 1-0: Ball 2-0: Fly out, F8 (Flyball, 8RXD)
|
Batting: RHB Yoenis Cespedes
|
0-0: Called Strike 0-1: Foul Ball, location: 2F 0-2: Strikes out swinging
|
Batting: RHB Yasiel Puig
|
0-0: Ball 1-0: Ball 2-0: Called Strike 2-1: Ball 3-1: Base on Balls
|
Batting: LHB Matt Adams
|
0-0: Called Strike Yasiel Puig steals 2nd base 0-1: Foul Ball, location: 2F 0-2: Ball 1-2: Ball 2-2: Ball 3-2: Strikes out looking
|
Top of the 3rd over - 0 runs, 0 hits, 0 errors, 1 left on base; Boston 1 - Miami 0 |
BOTTOM OF THE 3RD |
Miami Marlins batting - Pitching for Boston Red Sox : LHP Marco Gonzales
|
Batting: LHB Max Kepler
|
0-0: Foul Ball, location: 2F 0-1: Foul Ball, location: 2F 0-2: Ball 1-2: Ball 2-2: Foul Ball, location: 2F 2-2: Foul Ball, location: 2F 2-2: Ball 3-2: Foul Ball, location: 2F 3-2: Ground out 3-1 (Groundball, 34)
|
Batting: RHB Martin Maldonado
|
0-0: Ground out 6-3 (Groundball, 6)
|
Batting: LHB Luiz Gohara
|
0-0: Ball 1-0: SINGLE (Line Drive, 6M)
|
Batting: LHB David Dahl
|
0-0: Called Strike 0-1: Ball 1-1: Ball 2-1: Ball 3-1: Foul Ball, location: 2F 3-2: Foul Ball, location: 2F 3-2: Foul Ball, location: 2F 3-2: Fly out, F9 (Line Drive, 9)
|
Bottom of the 3rd over - 0 runs, 1 hit, 0 errors, 1 left on base; Boston 1 - Miami 0 |
TOP OF THE 4TH |
Boston Red Sox batting - Pitching for Miami Marlins : LHP Luiz Gohara
|
Batting: LHB Derek Dietrich
|
0-0: Fly out, F7 (Flyball, 7S)
|
Batting: RHB Jett Bandy
|
0-0: Fly out, F8 (Flyball, 89D)
|
Batting: LHB Jackie Bradley Jr.
|
0-0: Ball 1-0: Ball 2-0: Ball 3-0: Called Strike 3-1: Called Strike 3-2: Base on Balls
|
Batting: LHB Marco Gonzales
|
0-0: Called Strike 0-1: Foul Ball, location: 2F 0-2: Foul Ball, location: 2F 0-2: Ball 1-2: Ball 2-2: Strikes out swinging
|
Top of the 4th over - 0 runs, 0 hits, 0 errors, 1 left on base; Boston 1 - Miami 0 |
BOTTOM OF THE 4TH |
Miami Marlins batting - Pitching for Boston Red Sox : LHP Marco Gonzales
|
Batting: RHB Javier Baez
|
0-0: Ball 1-0: Called Strike 1-1: Ball 2-1: Ground out 4-3 (Groundball, 4S)
|
Batting: SHB Francisco Lindor
|
0-0: Ball 1-0: Called Strike 1-1: Ball 2-1: Ball 3-1: Fly out, F9 (Flyball, 9LD)
|
Batting: RHB Yasmany Tomas
|
0-0: Ball 1-0: SINGLE (Line Drive, 89M)
|
Batting: LHB Dominic Smith
|
0-0: Called Strike 0-1: Called Strike 0-2: Strikes out swinging
|
Bottom of the 4th over - 0 runs, 1 hit, 0 errors, 1 left on base; Boston 1 - Miami 0 |
TOP OF THE 5TH |
Boston Red Sox batting - Pitching for Miami Marlins : LHP Luiz Gohara
|
Batting: LHB J.P. Crawford
|
0-0: Ball 1-0: Called Strike 1-1: Foul Ball, location: 2F 1-2: Ball 2-2: Strikes out swinging
|
Batting: SHB Yangervis Solarte
|
0-0: Ball 1-0: Fly out, F9 (Flyball, 9S)
|
Batting: RHB Yoenis Cespedes
|
0-0: Ball 1-0: Ground out 4-3 (Groundball, 4)
|
Top of the 5th over - 0 runs, 0 hits, 0 errors, 0 left on base; Boston 1 - Miami 0 |
BOTTOM OF THE 5TH |
Miami Marlins batting - Pitching for Boston Red Sox : LHP Marco Gonzales
|
Batting: RHB Miguel Andujar
|
0-0: Reached on error, E7 (Flyball, 7D)
|
Batting: LHB Max Kepler
|
0-0: Swinging Strike 0-1: Called Strike 0-2: Fly out, F9 (Flyball, 9)
|
Batting: RHB Martin Maldonado
|
0-0: Ball 1-0: SINGLE (Groundball, 56D) Miguel Andujar to third Runner from 3rd tries for Home, SAFE, throw made home
|
Batting: LHB Luiz Gohara
|
0-0: Called Strike 0-1: Sac Bunt - play at first, batter OUT! 1-4 Martin Maldonado to second
|
Batting: LHB David Dahl
|
0-0: Swinging Strike 0-1: Ball 1-1: Called Strike 1-2: Strikes out swinging
|
Bottom of the 5th over - 1 run, 1 hit, 1 error, 1 left on base; Boston 1 - Miami 1 |
TOP OF THE 6TH |
Boston Red Sox batting - Pitching for Miami Marlins : LHP Luiz Gohara
|
Batting: RHB Yasiel Puig
|
0-0: Ball 1-0: Fly out, F6 (Popup, 6S)
|
Batting: LHB Matt Adams
|
0-0: Called Strike 0-1: Ball 1-1: Called Strike 1-2: Ball 2-2: Ball 3-2: Foul Ball, location: 2F 3-2: Foul Ball, location: 2F 3-2: Strikes out swinging
|
Batting: LHB Derek Dietrich
|
0-0: Called Strike 0-1: Hit by Pitch
|
Batting: RHB Jett Bandy
|
0-0: Ball 1-0: Ball 2-0: Called Strike 2-1: Called Strike 2-2: Strikes out swinging
|
Top of the 6th over - 0 runs, 0 hits, 0 errors, 1 left on base; Boston 1 - Miami 1 |
BOTTOM OF THE 6TH |
Miami Marlins batting - Pitching for Boston Red Sox : LHP Marco Gonzales
|
Batting: RHB Javier Baez
|
0-0: Called Strike 0-1: Ball 1-1: Foul Ball, location: 2F 1-2: Ball 2-2: Ball 3-2: Base on Balls
|
Batting: SHB Francisco Lindor
|
0-0: Ball 1-0: Ball 2-0: Ball 3-0: Called Strike 3-1: Fielders Choice at 2nd, 6-4 (Groundball, 6)
|
Batting: RHB Yasmany Tomas
|
0-0: Called Strike 0-1: Foul Ball, location: 2F 0-2: Strikes out swinging
|
Batting: LHB Dominic Smith
|
0-0: Foul Ball, location: 2F 0-1: Called Strike 0-2: Ball Francisco Lindor steals 2nd base 1-2: SINGLE (Groundball, 34D) Francisco Lindor to third Runner from 3rd tries for Home, SAFE, no throw
|
Batting: RHB Miguel Andujar
|
0-0: Ball 1-0: Foul Ball, location: 2F 1-1: Foul Ball, location: 2F 1-2: Ball 2-2: Ball 3-2: Base on Balls Dominic Smith to second
|
Batting: LHB Max Kepler
|
0-0: Foul Ball, location: 2F 0-1: SINGLE (Line Drive, 8RS) Dominic Smith to third Miguel Andujar to second
|
Batting: RHB Martin Maldonado
|
0-0: Ball 1-0: Foul Ball, location: 2F 1-1: Swinging Strike 1-2: Fielders Choice at 2nd, 6-4 (Groundball, 56)
|
Bottom of the 6th over - 1 run, 2 hits, 0 errors, 3 left on base; Boston 1 - Miami 2 |
TOP OF THE 7TH |
Boston Red Sox batting - Pitching for Miami Marlins : LHP Luiz Gohara
|
Pitching: LHP Boone Logan
|
|
Batting: LHB Jackie Bradley Jr.
|
0-0: Ball 1-0: Hit by Pitch
|
Pinch Hitting: RHB Eduardo Nunez
|
0-0: Ball 1-0: Ball 2-0: Called Strike 2-1: Foul Ball, location: 2F 2-2: Strikes out swinging
|
Pinch Hitting: RHB Cesar Puello
|
0-0: Ball 1-0: Ball 2-0: Swinging Strike 2-1: Called Strike 2-2: Ball 3-2: Strikes out swinging
|
Batting: SHB Yangervis Solarte
|
0-0: Swinging Strike 0-1: Foul Ball, location: 2F 0-2: Strikes out looking
|
Top of the 7th over - 0 runs, 0 hits, 0 errors, 1 left on base; Boston 1 - Miami 2 |
BOTTOM OF THE 7TH |
Miami Marlins batting - Pitching for Boston Red Sox : LHP Marco Gonzales
|
Pitching: RHP Liam Hendriks
|
|
Now at SS: Daniel Descalso
|
|
Pinch Hitting: LHB Alex Gordon
|
0-0: Called Strike 0-1: Swinging Strike 0-2: Strikes out swinging
|
Batting: LHB David Dahl
|
0-0: Foul Ball, location: 2F 0-1: Ball 1-1: Ball 2-1: Foul Ball, location: 2F 2-2: Ball 3-2: Foul Ball, location: 2F 3-2: Strikes out looking
|
Batting: RHB Javier Baez
|
0-0: Called Strike 0-1: Foul Ball, location: 2F 0-2: Ball 1-2: Strikes out swinging
|
Bottom of the 7th over - 0 runs, 0 hits, 0 errors, 0 left on base; Boston 1 - Miami 2 |
TOP OF THE 8TH |
Boston Red Sox batting - Pitching for Miami Marlins : LHP Boone Logan
|
Pitching: RHP Alex Colome
|
|
Batting: RHB Yoenis Cespedes
|
0-0: Foul Ball, location: 2F 0-1: Ball 1-1: Ball 2-1: Ground out 3-1 (Groundball, 34)
|
Batting: RHB Yasiel Puig
|
0-0: Foul Ball, location: 2F 0-1: Ground out 6-3 (Groundball, 6)
|
Batting: LHB Matt Adams
|
0-0: Ball 1-0: Swinging Strike 1-1: Ball 2-1: Ball 3-1: Called Strike 3-2: SINGLE (Line Drive, 4D)
|
Batting: LHB Derek Dietrich
|
0-0: Ball 1-0: Ball 2-0: Called Strike 2-1: Foul Ball, location: 2F 2-2: Ball 3-2: Foul Ball, location: 2F 3-2: Base on Balls Matt Adams to second
|
Batting: RHB Jett Bandy
|
0-0: Called Strike 0-1: Foul Ball, location: 2F 0-2: Foul Ball, location: 2F 0-2: Ball 1-2: Strikes out swinging
|
Top of the 8th over - 0 runs, 1 hit, 0 errors, 2 left on base; Boston 1 - Miami 2 |
BOTTOM OF THE 8TH |
Miami Marlins batting - Pitching for Boston Red Sox : RHP Liam Hendriks
|
Pitching: RHP Oliver Drake
|
|
Batting: SHB Francisco Lindor
|
0-0: Ball 1-0: Ball 2-0: Swinging Strike 2-1: Ball 3-1: Base on Balls
|
Batting: RHB Yasmany Tomas
|
0-0: Ball 1-0: Foul Ball, location: 2F 1-1: Ball 2-1: Fly out, F7 (Flyball, 7S)
|
Batting: LHB Dominic Smith
|
0-0: Called Strike 0-1: Ball Francisco Lindor is caught stealing 2nd base 1-1: Fly out, F7 (Flyball, 7LMF)
|
Bottom of the 8th over - 0 runs, 0 hits, 0 errors, 0 left on base; Boston 1 - Miami 2 |
TOP OF THE 9TH |
Boston Red Sox batting - Pitching for Miami Marlins : RHP Alex Colome
|
Pitching: RHP Blake Treinen
|
|
Now in LF: Adam Frazier
|
|
Batting: LHB Jackie Bradley Jr.
|
0-0: Ball 1-0: DOUBLE (Line Drive, 89XD)
|
Pinch Hitting: RHB Travis d'Arnaud
|
0-0: Called Strike 0-1: Ball 1-1: Swinging Strike 1-2: Foul Ball, location: 2F 1-2: Ball 2-2: Strikes out swinging
|
Batting: LHB Daniel Descalso
|
0-0: Ball 1-0: Ball 2-0: Ball 3-0: Base on Balls
|
Batting: SHB Yangervis Solarte
|
0-0: Called Strike 0-1: Ground out 6-3 (Groundball, 6M) Jackie Bradley Jr. to third Daniel Descalso to second
|
Batting: RHB Yoenis Cespedes
|
0-0: Ball 1-0: Called Strike 1-1: Swinging Strike 1-2: Foul Ball, location: 2F 1-2: Foul Ball, location: 2F 1-2: Strikes out swinging
|
Top of the 9th over - 0 runs, 1 hit, 0 errors, 2 left on base; Boston 1 - Miami 2 |
|